 Dungeon Crawl Stone Soup version 0.27.1-34-g3ba077fa99 (webtiles) character file.

Game seed: 6245832120210625665

511972 pkoi the Middleweight Champion (level 24, -43/267 HPs)
             Began as a Purple Draconian Warper on Jan 5, 2022.
             Was an Initiate of Gozag.
             Killed from afar by an ancient lich (87 damage)
             ... with a crystal spear
             ... on level 5 of the Vaults on Jan 6, 2022.
             The game lasted 03:39:10 (116400 turns).

pkoi the Middleweight Champion (DrWr)             Turns: 116400, Time: 03:39:11

Health: -43/267    AC: 38    Str: 15    XL:     24   Next: 36%
Magic:  23/39      EV: 12    Int: 29    God:    Gozag
Gold:   3599       SH:  0    Dex:  9    Spells: 15/47 levels left

rFire    . . .     SeeInvis .     - Unarmed
rCold    . . .     Faith    .   (no shield)
rNeg     + + .     Spirit   .   (armour unavailable)
rPois    ∞         Reflect  .   x - +2 hat
rElec    +         Harm     .   W - scarf {shadows}
rCorr    .         Rampage  .   (gloves currently unavailable)
Will     +++++                  (boots currently unavailable)
Stlth    ++........             c - macabre finger necklace {rN+}
HPRegen  0.54/turn              G - ring of the Tortoise {AC+8}
MPRegen  0.26/turn              T - ring of Equivalence {rElec rPois Int+4 Dex-4 Slay+2}
                                t - ring of the Mage {Wiz Will++ Int+3}

@: statue-form, constricted, studying 2 skills, very slow
A: slow and powerful, torment resistance 1, boosted hp, (breathe power), AC +12,
unfitting armour, cold-blooded
}: 2/15 runes: decaying, gossamer
a: End Transformation, Renounce Religion, Potion Petition, Call Merchant, Bribe
Branch


You were on level 5 of the Vaults.
You worshipped Gozag.
Gozag was most pleased with you.
You were a living statue of rough stone.
You visited 9 branches of the dungeon, and saw 42 of its levels.
You visited 1 bazaar.
You also visited: Sewer and Bailey.

You collected 23316 gold pieces.
You spent 6874 gold pieces at shops.
You paid 12843 gold pieces to Gozag.

Inventory:

Missiles
 b - 11 boomerangs of dispersal
 e - 8 curare-tipped darts
 D - a throwing net
Armour
 k - a +2 pair of gloves of dexterity (melded)
 v - a +2 pair of boots of flying (melded)
 x - a +2 hat (worn)
 W - a scarf of shadows (worn)
Jewellery
 c - the macabre finger necklace (around neck) {rN+}
   (You bought it in a shop in a bazaar)

   [amulet of nothing]

   It enables you to equip an extra ring.
   rN:        It protects you from negative energy.
 d - a ring of fire
 h - a ring of see invisible
 m - a ring of resist corrosion
 s - a ring of ice
 t - the ring of the Mage (on amulet) {Wiz Will++ Int+3}
   (You bought it in a shop on level 1 of the Vaults)

   [ring of wizardry]

   It improves your spell success rate.
   Int:       It affects your intelligence (+3).
   Will:      It greatly increases your willpower.
 G - the ring of the Tortoise (left fist) {AC+8}
   (You bought it in a shop on level 6 of the Dungeon)

   [ring of protection]

   AC:        It affects your AC (+8).
 T - the ring of Equivalence (right fist) {rElec rPois Int+4 Dex-4 Slay+2}
   (You found it on level 5 of the Lair of Beasts)

   [ring of poison resistance]

   Int:       It affects your intelligence (+4).
   Dex:       It affects your dexterity (-4).
   Slay:      It affects your accuracy & damage with ranged weapons and melee
   (+2).
   rElec:     It insulates you from electricity.
   rPois:     It protects you from poison.
 V - a ring of protection from fire
Wands
 y - a wand of digging (25)
 F - a wand of charming (10)
 H - a wand of iceblast (3)
 I - a wand of flame (12)
Scrolls
 a - 15 scrolls of blinking
 g - 10 scrolls of fear
 j - 32 scrolls of identify
 q - 8 scrolls of enchant armour
 r - 9 scrolls of enchant weapon
 u - 23 scrolls of teleportation
 w - 4 scrolls of fog
 C - 3 scrolls of magic mapping
 J - 2 scrolls of silence
 Q - 8 scrolls of amnesia
 R - a scroll of brand weapon
 U - 6 scrolls of summoning
 X - a scroll of holy word
Potions
 f - 8 potions of brilliance
 l - 4 potions of magic
 o - 4 potions of ambrosia
 p - 4 potions of might
 z - 3 potions of haste
 A - 8 potions of heal wounds
 B - 12 potions of curing
 E - 3 potions of invisibility
 M - 2 potions of berserk rage
 O - 7 potions of cancellation
 P - 5 potions of resistance


   Skills:
 + Level 15.1 Fighting
 - Level 0.8 Throwing
 + Level 12.0 Dodging
 - Level 3.1 Stealth
 O Level 27 Unarmed Combat
 + Level 12.1 Spellcasting
 + Level 6.7 Conjurations
 + Level 16.0 Translocations
 + Level 11.4 Transmutations
 + Level 8.0 Air Magic
 + Level 11.4 Earth Magic


You had 15 spell levels left.
You knew the following spells:

 Your Spells              Type           Power      Damage    Failure   Level
a - Blink                 Tloc           N/A        N/A       0%          2
b - Gell's Gravitas       Tloc           42%        N/A       0%          3
c - Manifold Assault      Tloc           84%        N/A       1%          5
d - Lightning Bolt        Conj/Air       28%        1d45      1%          5
e - Passage of Golubria   Tloc           N/A        N/A       1%          4
f - Dispersal             Tloc           42%        N/A       1%          6
g - Statue Form           Tmut/Erth      47%        N/A       1%          6
h - Apportation           Tloc           100%       N/A       0%          1

Your spell library contained the following spells:

 Spells                   Type           Power      Damage    Failure   Level
 Lesser Beckoning         Tloc           42%        N/A       0%          3
 Teleport Other           Tloc           84%        N/A       0%          3
 Corona                   Hex            18%        N/A       1%          1
 Freeze                   Ice            68%        1d8       1%          1
 Sting                    Tmut/Pois      100%       1d8       1%          1
 Summon Small Mammal      Summ           68%        N/A       1%          1
 Corpse Rot               Necr/Air       N/A        N/A       1%          2
 Ensorcelled Hibernation  Hex/Ice        34%        N/A       1%          2
 Poisonous Vapours        Pois/Air       80%        N/A       1%          2
 Ice Form                 Ice/Tmut       50%        N/A       1%          4
 Iskenderun's Mystic Bla  Conj/Tloc      70%        2d14      1%          4
 Leda's Liquefaction      Hex/Erth       25%        N/A       1%          4
 Lee's Rapid Deconstruct  Erth           35%        3d19*     1%          5
 Bolt of Magma            Conj/Fire/Erth 26%        4d12      2%          5
 Call Canine Familiar     Summ           17%        N/A       3%          3
 Frozen Ramparts          Ice            34%        1d5       3%          3
 Ozocubu's Armour         Ice            17%        N/A       3%          3
 Summon Guardian Golem    Hex/Summ       17%        N/A       3%          3
 Tukima's Dance           Hex            17%        N/A       3%          3
 Fulminant Prism          Conj/Hex       18%        3d11      3%          4
 Hailstorm                Conj/Ice       37%        3d9       3%          4
 Alistair's Intoxication  Tmut/Pois      33%        N/A       3%          5
 Borgnjor's Vile Clutch   Necr/Erth      25%        N/A       3%          5
 Yara's Violent Unravell  Hex/Tmut       25%        3d11      3%          5
 Freezing Cloud           Conj/Ice/Air   23%        6-21      4%          5
 Silence                  Hex/Air        20%        N/A       6%          5
 Animate Dead             Necr           8%         N/A       12%         4
 Cause Fear               Hex            8%         N/A       12%         4
 Olgreb's Toxic Radiance  Pois           17%        N/A       12%         4
 Summon Ice Beast         Ice/Summ       17%        N/A       12%         4
 Disjunction              Tloc           42%        N/A       12%         8
 Eringya's Noxious Bog    Tmut/Pois      25%        N/A       17%         6
 Metabolic Englaciation   Hex/Ice        8%         N/A       32%         5
 Summon Mana Viper        Hex/Summ       17%        N/A       32%         5
 Orb of Destruction       Conj           27%        9d11      52%         7
 Invisibility             Hex            8%         N/A       86%         6
 Simulacrum               Ice/Necr       8%         N/A       86%         6
 Lehudib's Crystal Spear  Conj/Erth      31%        10d8      86%         8
 Spellforged Servitor     Conj/Summ      18%        N/A       92%         7
 Necromutation            Tmut/Necr      25%        N/A       99%         8
 Haunt                    Necr/Summ      8%         N/A       100%        7
 Borgnjor's Revivificati  Necr           8%         N/A       100%        8
 Discord                  Hex            8%         N/A       100%        8
 Infestation              Necr           8%         N/A       100%        8
 Chain Lightning          Conj/Air       28%        3d38      100%        9
 Death's Door             Necr           8%         N/A       100%        9
 Fire Storm               Conj/Fire      18%        8d5       100%        9


Dungeon Overview and Level Annotations

Branches:
Dungeon (15/15)            Temple (1/1) D:6            Lair (6/6) D:8
  Swamp (4/4) Lair:2       Spider (4/4) Lair:4        Slime (0/5) Lair:5
    Orc (2/2) D:10            Elf (1/3) Orc:2        Vaults (5/5) D:14
  Crypt (0/3) Vaults:2     Depths (4/5) D:15          Sewer (visited)
 Bailey (visited)

Altars:
Ashenzari
Cheibriados
Dithmenos
Elyvilon
Fedhas
Gozag
Hepliaklqana
Kikubaaqudgha
Makhleb
Nemelex Xobeh
Okawaru
Qazlal
Ru
Sif Muna
Trog
Uskayaw
Vehumet
Wu Jian
Xom
Yredelemnul
Zin
The Shining One
Jiyva

Shops:
D:6 =   D:7 (   D:11 [   D:14 *   Orc:1 *   Orc:2 !*[([*(*[   Lair:5 *[
Vaults:1 :*   Vaults:3 !   Depths:1 :   Depths:4 ::=

Portals:
Hell: Depths:2 Depths:3 Depths:4
Abyss: Lair:6 Depths:4
Pandemonium: Depths:2 Depths:3
Ziggurat: Depths:3
Trove: D:14 (give +2 shadow dragon scales)

Annotations:
Lair:6 2 transporters, 2 runed translucent doors, Fek's ghost, journeyman GrBe; Sonja


Innate Abilities, Weirdness & Mutations

You are a living statue of rough stone.
Your actions are slow, but your melee attacks are powerful.
You are resistant to unholy torment.
Your maximum health is greatly increased.
You are immune to poison.
Your equipment is partially melded.
((You can breathe bolts of dispelling energy.))
((Your rich purple scales are hard. (AC +12)))
You cannot fit into any form of body armour.
You are cold-blooded and may be slowed by cold attacks.


Message History

The jumping spider is almost dead.
The jumping spider leaps!
The tentacled monstrosity tentacle-slaps you but does no damage.
The tentacled monstrosity closely misses you.
The tentacled monstrosity tentacle-slaps you but does no damage.
The tentacled monstrosity constricts you.
The cyan very ugly thing barely misses you.
You pummel the tentacled monstrosity!!
Your punch misses the tentacled monstrosity.
The tentacled monstrosity is severely wounded.
The vault sentinel unwields a +0 long sword.
The vault sentinel wields a +0 arbalest.
The vault sentinel shoots a bolt.
The bolt misses you. Something touches you!
* * * LOW HITPOINT WARNING * * *
You pound the tentacled monstrosity into fine dust!!!
The tentacled monstrosity is almost dead.
The jumping spider changes into a black mamba!
The tentacled monstrosity tentacle-slaps you but does no damage. x3
The tentacled monstrosity constricts you.
The cyan very ugly thing headbutts you!
* * * LOW HITPOINT WARNING * * *
The cyan very ugly thing shocks you! You resist.
* * * LOW HITPOINT WARNING * * *
Something barely misses you.
The vault sentinel shoots a bolt.
The bolt hits you but does no damage.
You completely miss the tentacled monstrosity.
The tentacled monstrosity is almost dead.
The tentacled monstrosity tentacle-slaps you!
* * * LOW HITPOINT WARNING * * *
The tentacled monstrosity tentacle-slaps you but does no damage.
The tentacled monstrosity tentacle-slaps you.
* * * LOW HITPOINT WARNING * * *
The tentacled monstrosity constricts you.
* * * LOW HITPOINT WARNING * * *
The cyan very ugly thing barely misses you.
You hear some strange, mumbled words.
A crystal spear appears from out of thin air!
The crystal spear hits you!!!!
You die...
Your body crumbles into a pile of gold.

#..... ......
$ ......
..(... #.....
##.$.u##
....#
#...SX8#
....# .
..p....{.....
.pp.#..
......p......


pppp... #......#..... ....p.# ############# .<<..p. <..<.pp .<<..p. ....p.. You
could see a tentacled monstrosity, a cyan very ugly thing, a vault guard, a
vault sentinel and a black mamba shaped shifter.

Vanquished Creatures
  An ancient lich (Depths:3)
  Boris (Vaults:4)
  Bai Suzhen (Spider:4)
  3 caustic shrikes
  Margery (Vaults:3)
  A golden dragon (Depths:4)
  Arachne (Spider:2)
  3 tentacled monstrosities
  2 liches (Depths:4)
  Rupert (Lair:3)
  Asterion (Spider:4)
  A titan (Depths:3)
  A deep elf master archer (Depths:2)
  Frances (Swamp:1)
  7 sphinxes
  A sphinx (shapeshifter) (Depths:3)
  5 tengu reavers
  4 thorn hunters
  An ancient champion (Vaults:2)
  A fenstrider witch (Swamp:3)
  2 shadow dragons (Depths:3)
  A shadow dragon (shapeshifter) (Depths:4)
  6 fire giants
  11 vault wardens
  8 frost giants
  A deep elf sorcerer (Depths:3)
  2 orc warlords
  3 ghost moths (Spider:4)
  Louise (Swamp:4)
  Aizul (Spider:2)
  6 emperor scorpions
  2 ghouls (Swamp:3)
  A draconian annihilator (Depths:3)
  7 stone giants
  A war gargoyle (Vaults:4)
  19 very ugly things
  A spriggan defender (Depths:3)
  11 ironbound preservers
  The ghost of Mumum the Arsonist, a journeyman DrFE of Vehumet (Lair:5)
  The ghost of Kyqifiz the Ogre Mage, a journeyman OgWz of Vehumet (Lair:5)
  2 caustic shrike skeletons (Depths:3)
  4 vampire knights
  6 bunyips
  8 entropy weavers
  2 dire elephants (Swamp:2)
  The ghost of Cheops the Impaler, a journeyman DrSu of Okawaru (Lair:4)
  6 spark wasps
  An eidolon (Vaults:2)
  The ghost of Worhasm the Archer, a journeyman CeAM of Okawaru (Lair:5)
  A crystal guardian (Vaults:4)
  7 ettins
  2 deep elf death magi
  Josephine (Lair:4)
  6 eleionomae
  6 fire dragons
  A jiangshi (Vaults:1)
  An ettin (shapeshifter) (Depths:3)
  3 shambling mangroves
  A deep elf high priest (Depths:3)
  10 rakshasas
  7 vault guards
  6 yaktaur captains
  9 great orbs of eyes
  35 hydras
  2 peacekeepers (Vaults:4)
  6 ironbound thunderhulks
  4 boulder beetles
  2 spriggan air magi
  20 centaur warriors
  A monstrous demonspawn (Depths:2)
  4 ice dragons
  11 ironbound frosthearts
  An ogre mage (Vaults:4)
  4 ghost crabs
  2 catoblepae
  A death knight (D:13)
  7 alligators
  3 death yaks
  14 tengu warriors
  3 deep troll earth magi
  10 two-headed ogres
  6 spriggan berserkers
  6 deep troll shamans
  A vampire mage (Depths:3)
  3 ironbound beastmasters (Vaults:1)
  Urug (D:14)
  Nergalle (Lair:4)
  13 hell knights
  6 orc high priests
  4 deep elf knights
  A sun demon (Depths:2)
  2 fire crabs
  6 skeletal warriors
  4 iron trolls
  A deep troll (shapeshifter) (D:15)
  4 glowing orange brains
  A shadow demon (Depths:2)
  A flayed ghost (Depths:2)
  A sea snake (shapeshifter) (Vaults:5)
  7 goliath frogs
  5 spriggan druids
  10 swamp dragons
  An obsidian statue (Elf:1)
  15 ironbound convokers
  4 phantasmal warriors
  4 deep elf archers
  34 deep trolls
  A shadow dragon zombie (Vaults:4)
  15 wizards
  7 lindwurms
  5 bog bodies
  A wolf spider zombie (D:15)
  13 necromancers
  21 orc knights
  5 deep elf zephyrmancers
  6 deep elf pyromancers
  30 wolf spiders
  4 manticores
  11 orb spiders
  3 oklob plants (Lair:1)
  57 ugly things
  A cyclops (shapeshifter) (Depths:4)
  5 will-o-the-wisps
  3 orc sorcerers
  A stone giant zombie (Vaults:3)
  5 cyclopes
  A moth of wrath (Spider:2)
  Maurice (D:10)
  13 elephants
  21 vault sentinels
  5 black mambas
  A fire giant skeleton (Vaults:3)
  11 cane toads
  2 molten gargoyles (Lair:6)
  A torpor snail (Spider:1)
  2 gargoyles
  2 unseen horrors (D:12)
  20 yaktaurs
  4 rime drakes
  11 demonic crawlers
  A freezing wraith (D:14)
  10 komodo dragons
  7 tengu conjurers
  6 kobold demonologists
  3 efreet
  A guardian mummy (D:14)
  A red devil (Depths:2)
  A meliai (shapeshifter) (Depths:2)
  9 trolls
  3 meliai (D:13)
  21 slime creatures
  36 jumping spiders
  3 polar bears
  5 tyrant leeches
  A wolf spider simulacrum (D:15)
  28 hornets
  A raiju (shapeshifter) (D:14)
  43 blink frogs
  A shadow dragon simulacrum (Vaults:4)
  5 dream sheep (Lair:5)
  Grinder (D:3)
  A centaur simulacrum (D:12)
  75 redbacks
  19 spriggans
  32 tarantellas
  6 wyverns
  A ynoxinul (Depths:2)
  2 shadows
  A vampire (D:14)
  16 humans
  Grum (D:9)
  9 wraiths
  69 yaks
  4 steam dragons
  10 vampire mosquitoes
  6 basilisks
  13 swamp worms
  4 wargs
  18 water moccasins
  4 acid dragons
  2 human simulacra
  Menkaure (D:6)
  3 hell hounds
  2 hornet zombies
  11 swamp drakes
  3 black bears
  62 orc warriors
  2 sky beasts
  6 ogres
  A necrophage (D:1)
  48 wolves
  A centaur (shapeshifter) (Depths:3)
  18 centaurs
  The ghost of CoveEight the Changer, an amateur OpTm (D:4)
  4 kobold brigands
  A gnoll sergeant (D:12)
  17 bullfrogs
  2 scorpions
  12 killer bees
  12 wights
  4 howler monkeys
  2 electric eels
  2 centaur zombies
  5 lava snakes (Lair:6)
  2 jellies
  37 orc priests
  2 gnoll shamans
  A bullfrog skeleton (D:5)
  4 centaur skeletons
  Natasha (D:1)
  7 iguanas
  33 orc wizards
  2 hell rats (D:8)
  5 wolf simulacra (Lair:3)
  3 polar bear simulacra (Lair:3)
  A hound zombie (D:5)
  A hound skeleton (D:4)
  11 gnolls
  3 howler monkey skeletons
  18 adders
  6 river rats
  A worm (D:4)
  4 dart slugs
  114 orcs
  22 ball pythons
  7 endoplasms
  2 giant cockroaches
  16 goblins
  11 hobgoblins
  A jackal (D:1)
  8 bats
  2 frilled lizards
  21 kobolds
  29 rats
  3 river rat simulacra (Lair:3)
  2 briar patches
1857 creatures vanquished.

Vanquished Creatures (collateral kills)
  An ogre (D:6)
  2 kobolds (D:6)
3 creatures vanquished.

Vanquished Creatures (others)
  A dancing weapon (Elf:1)
  2 bloated husks
  A slime creature (D:8)
  A swamp drake (Swamp:1)
  A briar patch (Swamp:2)
  12 foxfires
  68 fungi
  140 plants
  4 withered plants
230 creatures vanquished.

Grand Total: 2090 creatures vanquished

Notes
Turn   | Place    | Note
-------+----------+-------------------------------------------
     0 | D:1      | pkoi the Draconian Warper began the quest for the Orb.
     0 | D:1      | Reached XP level 1. HP: 17/17 MP: 3/3
   628 | D:1      | Reached XP level 2. HP: 23/24 MP: 5/5
   733 | D:1      | Reached skill level 3 in Unarmed Combat
  1305 | D:2      | Reached XP level 3. HP: 29/29 MP: 6/6
  1716 | D:2      | Reached skill level 4 in Unarmed Combat
  2102 | D:2      | Noticed Natasha
  2102 | D:2      | Noticed a necrophage
  2219 | D:1      | Killed Natasha
  2220 | D:1      | Reached XP level 4. HP: 20/36 MP: 4/7
  2357 | D:1      | Killed a necrophage
  2358 | D:1      | Reached skill level 5 in Unarmed Combat
  2358 | D:1      | Reached XP level 5. HP: 14/41 MP: 3/8
  2591 | D:2      | Learned a level 2 spell: Blink
  2595 | D:2      | Learned a level 3 spell: Gell's Gravitas
  3443 | D:3      | Reached skill level 6 in Unarmed Combat
  3941 | D:3      | Noticed Grinder
  3945 | D:3      | Paralysed by Grinder for 4 turns
  4003 | D:4      | Noticed an ogre
  4424 | D:3      | Reached XP level 6. HP: 48/48 MP: 9/9
  4695 | D:3      | Reached skill level 7 in Unarmed Combat
  5438 | D:4      | Found a runed translucent gate.
  5440 | D:4      | Found a runed translucent gate.
  5449 | D:4      | Found a runed translucent gate.
  5450 | D:4      | Noticed CoveEight's ghost (amateur OpTm)
  5566 | D:4      | Your scales start taking on a rich purple colour.
  5566 | D:4      | Reached XP level 7. HP: 53/55 MP: 10/10
  6295 | D:5      | Entered Level 5 of the Dungeon
  6373 | D:5      | Found a glowing drain.
  6390 | Sewer    | Entered a sewer
  6787 | Sewer    | Reached skill level 8 in Unarmed Combat
  8094 | D:4      | Reached skill level 9 in Unarmed Combat
  8519 | D:4      | Reached XP level 8. HP: 26/61 MP: 5/12
  8819 | D:5      | Reached skill level 10 in Unarmed Combat
 10078 | D:5      | Reached skill level 11 in Unarmed Combat
 10739 | D:6      | Noticed Menkaure
 11030 | D:6      | Found a staircase to the Ecumenical Temple.
 11044 | D:6      | Reached XP level 9. HP: 50/66 MP: 10/13
 11053 | Temple   | Entered the Ecumenical Temple
 11382 | Temple   | Became a worshipper of Gozag Ym Sagoz the Greedy
 11506 | D:6      | Identified the +1 ring mail of the Orb Guardian {Will+}
 11776 | D:6      | Identified a scroll of acquirement
 11776 | D:6      | Acquired 1134 gold pieces
 11778 | D:6      | Reached skill level 15 in Unarmed Combat
 11778 | D:6      | Reached XP level 10. HP: 73/73 MP: 14/14
 11783 | D:6      | Killed Menkaure
 12594 | D:7      | Found Tywn's Firing Range.
 12641 | D:7      | Found a broken altar of Ashenzari.
 12928 | D:7      | Reached skill level 16 in Unarmed Combat
 13651 | D:8      | Noticed a death yak
 13920 | D:8      | Noticed a death yak
 13930 | D:8      | Noticed a death yak
 14098 | D:8      | Found a staircase to the Lair.
 14371 | D:8      | Noticed a four-headed hydra
 14392 | D:8      | Killed a four-headed hydra
 14393 | D:8      | Reached XP level 11. HP: 68/82 MP: 13/17
 14951 | D:7      | Killed a death yak
 16108 | D:8      | Reached skill level 5 in Spellcasting
 16126 | D:8      | Reached skill level 5 in Translocations
 16349 | Lair:1   | Entered Level 1 of the Lair of Beasts
 16539 | Lair:1   | Reached skill level 5 in Fighting
 16713 | Lair:1   | Learned a level 5 spell: Manifold Assault
 17669 | Lair:1   | Noticed an oklob plant
 18009 | Lair:2   | Noticed a five-headed hydra
 18607 | Lair:2   | Found a staircase to the Swamp.
 18789 | Lair:2   | Noticed an eight-headed hydra
 18839 | Lair:2   | Killed a five-headed hydra
 18840 | Lair:2   | Reached skill level 5 in Dodging
 18840 | Lair:2   | Reached XP level 12. HP: 19/95 MP: 3/21
 19324 | Lair:2   | Killed an eight-headed hydra
 21257 | Lair:3   | Noticed Rupert
 21482 | D:9      | Noticed a two-headed ogre
 21511 | D:8      | Reached skill level 17 in Unarmed Combat
 21823 | D:6      | Bought the ring of the Tortoise {AC+8} for 2304 gold pieces
 21823 | D:6      | Found the ring of the Tortoise {AC+8}
 21972 | D:9      | Killed a two-headed ogre
 22104 | D:9      | Noticed Grum
 22136 | D:9      | Killed Grum
 22417 | D:9      | You fall into a shaft and drop 2 floors!
 22437 | D:11     | Found a flagged portal.
 22450 | Bailey   | Entered a bailey
 23838 | Bailey   | Reached XP level 13. HP: 112/112 MP: 22/22
 24161 | D:11     | Reached skill level 10 in Fighting
 24820 | D:10     | Entered Level 10 of the Dungeon
 24897 | D:10     | Found a transporter.
 24928 | D:10     | Found a staircase to the Orcish Mines.
 25099 | D:10     | Reached XP level 14. HP: 121/122 MP: 21/23
 25613 | D:10     | Noticed Maurice
 25626 | D:10     | Killed Maurice
 25688 | D:10     | Found a transporter.
 26044 | D:11     | Found a bloodstained altar of Trog.
 26758 | Orc:1    | Entered Level 1 of the Orcish Mines
 26933 | Orc:1    | Found Watev's General Store.
 27550 | Orc:2    | Entered Level 2 of the Orcish Mines
 27573 | Orc:2    | Found Jacomop's Distillery.
 27606 | Orc:2    | Found Tipom's Armour Shoppe.
 27756 | Orc:2    | Found Dexeant's Armour Shop.
 27822 | Orc:2    | Found a staircase to the Elven Halls.
 27939 | Orc:2    | Found Bienal's General Store.
 28867 | Orc:2    | Reached skill level 10 in Translocations
 29336 | Orc:2    | Found Keriett's Antique Weapon Shoppe.
 30539 | Orc:1    | Reached skill level 18 in Unarmed Combat
 30780 | Orc:2    | Found Fedoj's Antique Weapon Boutique.
 30780 | Orc:2    | Found Jaegapump's General Store.
 30781 | Orc:2    | Found Vupoenef's Armour Boutique.
 30781 | Orc:2    | Found Goys's General Store.
 31083 | D:3      | Killed Grinder
 31170 | D:4      | Killed CoveEight's ghost
 31980 | Lair:3   | Paralysed by Rupert for 5 turns
 31997 | Lair:3   | Killed Rupert
 33639 | Lair:4   | Found a hole to the Spider Nest.
 33680 | Lair:4   | Noticed Nergalle
 33689 | Lair:4   | Killed Nergalle
 34308 | Lair:4   | Found a stormy altar of Qazlal.
 34825 | Lair:5   | Reached XP level 15. HP: 132/132 MP: 24/24
 36566 | Lair:5   | Reached skill level 1 in Stealth
 36651 | Lair:5   | Identified the ring of Equivalence {rElec rPois Int+4 Dex-4
                  | Slay+2}
 36804 | Lair:5   | Bought a +2 pair of gloves of dexterity for 365 gold pieces
 38537 | Lair:5   | Found a runed translucent gate.
 38537 | Lair:5   | Found a runed translucent gate.
 38537 | Lair:5   | Found a runed translucent gate.
 38539 | Lair:5   | Noticed Kyqifiz's ghost (journeyman OgWz)
 38539 | Lair:5   | Noticed Mumum's ghost (journeyman DrFE)
 38540 | Lair:5   | Noticed Cheops's ghost (journeyman DrSu)
 38540 | Lair:5   | Noticed Worhasm's ghost (journeyman CeAM)
 38737 | Lair:5   | Found a viscous altar of Jiyva.
 38738 | Lair:5   | Found a staircase to the Slime Pits.
 38893 | Lair:6   | Entered Level 6 of the Lair of Beasts
 39327 | Lair:6   | Reached skill level 19 in Unarmed Combat
 40731 | Lair:5   | Acquired 663 gold pieces
 40737 | Lair:5   | Bought a smoking glass ring for 165 gold pieces
 40737 | Lair:5   | Identified the ring of the Leaf {*Corrode Drain AC+4 Dex+9
                  | SInv} (You bought it in a shop on level 5 of the Lair of
                  | Beasts)
 42207 | Lair:6   | Found a one-way gate to the infinite horrors of the Abyss.
 42207 | Lair:6   | Noticed Fek's ghost (journeyman GrBe)
 42215 | Lair:6   | Found a transporter.
 42264 | Lair:6   | Identified the +6 falchion "Qacsecai" {venom, rElec rC+ rN+
                  | Dex-4}
 42353 | Lair:6   | Found a transporter.
 42550 | Lair:6   | Identified the +12 dagger of Gyumuc {freeze, Fly SInv}
 42836 | D:8      | Identified the +1 shortbow "Hefiarcheurgh" {flame, *Corrode
                  | Drain Dex+6}
 43987 | Lair:6   | Noticed Sonja
 44255 | Lair:6   | Found a large runed translucent door.
 44256 | Lair:6   | Found a large runed translucent door.
 44764 | D:12     | Identified the +8 glaive of the Reaper {holy, Int+3 Stlth+}
 44838 | D:12     | Got Vymut's Catalogue of Battle Magic and the Escort
 44845 | D:12     | Learned a level 5 spell: Lightning Bolt
 45183 | D:12     | Reached skill level 1 in Conjurations
 45183 | D:12     | Reached skill level 1 in Air Magic
 45526 | D:12     | Found the +8 glaive of the Guard {elec, spectral, AC+5}
 45801 | D:12     | Acquired 745 gold pieces
 45917 | D:12     | Reached XP level 16. HP: 141/141 MP: 25/25
 45918 | D:12     | Reached XP level 17. HP: 154/154 MP: 26/26
 45939 | D:12     | Reached XP level 18. HP: 161/161 MP: 12/27
 48799 | D:13     | Reached skill level 15 in Fighting
 48964 | D:14     | Reached skill level 5 in Air Magic
 49473 | D:14     | Noticed Urug
 49479 | D:14     | Killed Urug
 49754 | D:14     | Found a gate to the Vaults.
 51601 | D:14     | Found a portal to a secret trove of treasure.
 51797 | D:15     | Entered Level 15 of the Dungeon
 52102 | Swamp:1  | Entered Level 1 of the Swamp
 52644 | Swamp:1  | Reached skill level 10 in Dodging
 52688 | Swamp:1  | Learned a level 4 spell: Passage of Golubria
 53024 | Swamp:1  | Reached skill level 20 in Unarmed Combat
 53111 | Swamp:1  | Noticed Frances
 53128 | Swamp:1  | Killed Frances
 58444 | Swamp:3  | Reached skill level 21 in Unarmed Combat
 58545 | Swamp:3  | Identified the +9 long sword of Exquisite Torment {protect,
                  | +Blink rCorr Int+2}
 58888 | Swamp:3  | Noticed a tentacled monstrosity
 58908 | Swamp:3  | Killed a tentacled monstrosity
 58917 | Swamp:3  | Reached XP level 19. HP: 80/170 MP: 11/28
 60235 | Spider:1 | Entered Level 1 of the Spider Nest
 61077 | Spider:1 | Noticed Josephine
 61106 | Lair:4   | Killed Josephine
 62188 | Spider:1 | You fall into a shaft and drop 1 floor!
 62208 | Spider:2 | Noticed Arachne
 62217 | Spider:2 | Noticed Aizul
 62231 | Spider:2 | Killed Arachne
 62242 | Spider:2 | Killed Aizul
 63121 | Spider:2 | Reached skill level 22 in Unarmed Combat
 64257 | Spider:2 | Identified the ring "Zuadione" {*Corrode rPois rC+ Str-2
                  | Int+8}
 66873 | D:10     | Identified the +5 scythe of Yniarecu {flame, rPois rN+
                  | Str-5 Int+4}
 67747 | D:15     | Found a staircase to the Depths.
 68432 | D:15     | Found an ancient bone altar of Kikubaaqudgha.
 70582 | Lair:5   | Killed Mumum's ghost
 70583 | Lair:5   | Reached skill level 23 in Unarmed Combat
 70626 | Lair:4   | Killed Cheops's ghost
 70872 | Lair:5   | Killed Worhasm's ghost
 70957 | Lair:5   | Identified the +4 hand axe of Karma {vamp, +Rage rN+ Int+2
                  | Dex-5}
 71085 | Lair:5   | Killed Kyqifiz's ghost
 71086 | Lair:5   | Reached XP level 20. HP: 163/178 MP: 29/29
 71208 | Swamp:4  | Entered Level 4 of the Swamp
 71462 | Swamp:4  | Noticed Louise
 71769 | Swamp:4  | Killed Louise
 74867 | Swamp:4  | Got a decaying rune of Zot
 75075 | Spider:4 | Entered Level 4 of the Spider Nest
 75123 | Spider:4 | Noticed Asterion
 75701 | Spider:3 | Reached skill level 24 in Unarmed Combat
 75899 | Spider:3 | Learned a level 6 spell: Dispersal
 76321 | Spider:4 | Killed Asterion
 76742 | Spider:4 | Noticed Bai Suzhen
 77342 | Spider:4 | Killed Bai Suzhen
 79278 | Spider:4 | Reached skill level 5 in Conjurations
 80314 | Spider:4 | Got a gossamer rune of Zot
 80725 | Vaults:1 | Entered Level 1 of the Vaults
 81114 | Vaults:1 | Reached skill level 15 in Translocations
 81926 | Vaults:1 | Identified the +7 shortbow of Sudden Death {venom, rPois
                  | rC+}
 83105 | Vaults:1 | Reached XP level 21. HP: 184/184 MP: 16/33
 84033 | Vaults:1 | Bought a book of Stone for 756 gold pieces
 84040 | Vaults:1 | Learned a level 6 spell: Statue Form
 84335 | Vaults:1 | Reached skill level 1 in Earth Magic
 84362 | Vaults:1 | Reached skill level 1 in Transmutations
 87214 | Vaults:2 | Found a staircase to the Crypt.
 87698 | Vaults:2 | Paralysed by a great orb of eyes for 2 turns
 89032 | Vaults:2 | Reached skill level 25 in Unarmed Combat
 92895 | Vaults:3 | Noticed Margery
 93261 | Depths:1 | Entered Level 1 of the Depths
 93383 | Depths:1 | Paralysed by a hornet for 1 turns
 93680 | Depths:1 | Reached skill level 5 in Earth Magic
 93691 | Depths:1 | Reached skill level 5 in Transmutations
 93770 | Depths:1 | Reached XP level 22. HP: 170/192 MP: 12/35
 94925 | Depths:1 | HP: 3/192 [acid (10)]
 96793 | Depths:2 | Found a one-way gate leading to the halls of Pandemonium.
 96846 | Depths:2 | Found a gateway to Hell.
 98623 | Elf:1    | Entered Level 1 of the Elven Halls
 99503 | Elf:1    | Found a gateway to a bazaar.
 99566 | Bazaar   | Entered a bazaar
 99566 | Bazaar   | Found Lic Quit's Antique Weapon Shop.
 99566 | Bazaar   | Found Ewkithrealu's Jewellery Shop.
 99585 | Bazaar   | Found Roadwis's General Store.
 99601 | Bazaar   | Found Eweac's Antique Armour Emporium.
 99618 | Bazaar   | Found Mirphul's Magic Scroll Boutique.
 99660 | Bazaar   | Bought the macabre finger necklace {rN+} for 480 gold
                  | pieces
 99660 | Bazaar   | Found the macabre finger necklace {rN+}
 99686 | Bazaar   | Bought 3 scrolls of teleportation for 108 gold pieces
 99686 | Bazaar   | Bought a scroll of teleportation for 36 gold pieces
 99686 | Bazaar   | Bought a scroll of teleportation for 36 gold pieces
 99686 | Bazaar   | Bought 3 scrolls of teleportation for 108 gold pieces
 99716 | Bazaar   | Bought the ring of Xom's Wantonness {Will- rCorr Dex+6
                  | Slay+2} for 903 gold pieces
 99917 | Vaults:1 | Bought the ring of the Mage {Wiz Will++ Int+3} for 878 gold
                  | pieces
 99917 | Vaults:1 | Found the ring of the Mage {Wiz Will++ Int+3}
 99917 | Vaults:1 | Bought a potion of heal wounds for 85 gold pieces
 99917 | Vaults:1 | Bought a potion of haste for 170 gold pieces
100420 | Vaults:3 | Identified the +5 dagger "Roadi" {flame, rC++}
100510 | Vaults:3 | Found Kebluc's Distillery.
102493 | Vaults:4 | Reached skill level 26 in Unarmed Combat
104580 | Vaults:4 | Noticed Boris
104591 | Vaults:4 | Killed Boris
105448 | Vaults:4 | Reached XP level 23. HP: 199/199 MP: 15/36
107413 | Depths:3 | Reached skill level 10 in Spellcasting
109588 | Depths:3 | Found a gateway to a ziggurat.
109631 | Depths:3 | Reached skill level 10 in Transmutations
109631 | Depths:3 | Reached skill level 10 in Earth Magic
109741 | Depths:3 | Identified the +8 short sword of Compound Interest {flame,
                  | Dex+2}
109921 | Depths:3 | Identified the +7 whip of the Empty Page {vorpal, rElec
                  | rF++ rC-}
110923 | Depths:3 | Noticed a caustic shrike
110928 | Depths:3 | Killed a caustic shrike
111993 | Depths:3 | Noticed a caustic shrike
112000 | Depths:3 | Killed a caustic shrike
112097 | Depths:3 | Noticed an ancient lich
112105 | Depths:3 | Killed an ancient lich
112373 | Depths:3 | Identified the +2 chain mail of Fashionability {Regen+
                  | Str+9 Dex-2 Slay+2}
112562 | Depths:4 | Found Pupiyjatewn's Book Emporium.
112563 | Depths:4 | Found Ujil's Jewellery Boutique.
112564 | Depths:4 | Found Achirip's Book Emporium.
113634 | Depths:4 | Reached XP level 24. HP: 206/206 MP: 21/38
114404 | Depths:4 | Bought a book of Party Tricks for 480 gold pieces
114406 | Depths:4 | Learned a level 1 spell: Apportation
114434 | Depths:4 | Reached skill level 27 in Unarmed Combat
115768 | Depths:4 | Got the Reference Book on Creative Enchantment
116055 | Vaults:3 | Killed Margery
116376 | Vaults:5 | Entered Level 5 of the Vaults
116387 | Vaults:5 | Noticed an ancient lich
116391 | Vaults:5 | Paralysed by a floating eye for 3 turns
116400 | Vaults:5 | Killed from afar by an ancient lich

Illustrated notes

Levels and vault maps discovered:
D:1:      arrival_zaba_pyramid, layout_loops_ring, minmay_pentomino_p4
D:2:      layout_basic, minmay_ruptured, uniq_natasha
D:3:      layout_loops_corners, minmay_snake_closets, uniq_grinder
D:4:      layout_loops_cross, gammafunk_ghost_nasty_kobolds
D:5:      layout_basic, enter_ossuary_5, portal_sewer_entry_d, minmay_bent
D:6:      layout_cave_pools, minmay_temple_entry_butterflies,
          mrwooster_statue_mirror, uniq_menkaure
D:7:      minmay_flawed_box, layout_basic, mainiacjoe_overflow_24_doors,
          chequers_serial_rivers_large_a, nicolae_shop_firing_range
D:8:      minmay_the_grid_plus_closed [minmay_the_grid_stretched_grid,
          minmay_the_grid_gridbox, minmay_the_grid_fan,
          minmay_the_grid_broken_lines, minmay_the_grid_prize_inner_circle],
          layout_loops_ring, dpeg_lair_monsters, minivault_25, minivault_24,
          small_chamber_with_monster, the_hattery
D:9:      layout_cave_pools, uniq_grum
D:10:     gammafunk_wand_slinger, layout_stronghold, orc_david_3, st_stairs_5,
          hangedman_decor_riveting, uniq_maurice
D:11:     layout_roguey, enter_bailey_3, trog_hazing_becter
D:12:     minmay_guarded_unrand_guard, layout_gridville
D:13:     layout_stronghold, drop_trap, minmay_microvault
D:14:     layout_long_grid, david_vaults_3, minmay_misc_feat_diagonals,
          nicolae_trove_entry_path_of_doom, dk_noncrumbling_4,
          lightli_corner_chamber
D:15:     grunt_enter_depths_magical_seal, layout_stronghold,
          kiku_gazebo_garden_becter, amcnicky_mini_pool_small
Temple:   nicolae_temple_the_god_donut
Lair:1:   layout_chaotic_city, beast_lair_carwin_8, grunt_megastairs_3,
          minmay_lair_oklob_chamber, lemuel_fruit_tree, serial_bayou_shore_a
Lair:2:   layout_gridlike, swamp_mist, chequers_serial_rivers_micro_b,
          serial_bayou_pond_d, hibernation_bobbens, serial_bayou_shore_b
Lair:3:   layout_misc_corridors, chequers_serial_rivers_micro_b,
          eino_house_with_fridge, uniq_rupert
Lair:4:   layout_roguey, spider_nest_entry_webs, basic_altar, st_stairs_4,
          grunt_megastairs_1, infiniplex_staircase_pool_2, uniq_nergalle
Lair:5:   layout_regular_city, dpeg_slime_entry_enclosed_altar,
          gammafunk_ghost_cemetery, grunt_forest_large_clearings
Lair:6:   cheibrodos_lair_end_hotspot, layout_layer_cave,
          gammafunk_ghost_abyssal_escape, chequers_serial_rivers_marsh,
          chequers_serial_rivers_micro_d, uniq_sonja
Swamp:1:  layout_basic_swamp, hangedman_swamp_lotus, uniq_frances
Swamp:2:  layout_falls_marsh, evilmike_swamp_ruin_house_2, swamp_pool3,
          beargit_elvish_explorers
Swamp:3:  nzn_winding_woodlands_medium [nzn_winding_woodlands_5x5_checkerboard,
          nzn_winding_woodlands_5x15_zeroes,
          nzn_winding_woodlands_5x5_open_star,
          nzn_winding_woodlands_5x5_default,
          nzn_winding_woodlands_center_garden,
          nzn_winding_woodlands_5x5_closed_star,
          nzn_winding_woodlands_5x5_cross,
          nzn_winding_woodlands_5x15_split_checker,
          nzn_winding_woodlands_5x5_default], layout_falls_marsh,
          nicolae_swamp_rocky_clearing
Swamp:4:  swamp_basic_johnstein, layout_basic_swamp, uniq_louise
Spider:1: layout_spider_delve, uniq_josephine
Spider:2: layout_spider_delve, uniq_arachne, uniq_aizul
Spider:3: layout_spider_delve, nicolae_arachne_temple
Spider:4: spider_rune_water, uniq_bai_suzhen, uniq_asterion
Orc:1:    layout_caves, serial_shops, nicolae_shop_competitors_out_of_business,
          mines_bat_river
Orc:2:    st_orc_pillars, layout_caves, serial_shops, shop, nicolae_square_shop,
          nicolae_shop_statue_plus, shop, nicolae_shop_statue_plus
Elf:1:    layout_gridlike, serial_shops, statue_bzr,
          kennysheep_underground_church
Vaults:1: ontoclasm_vaults_ring_square, hangedman_vaults_stream,
          nicolae_vaults_little_squares_4, nicolae_vaults_network_barrier,
          hangedman_vaults_slice, ontoclasm_vaults_fault,
          nicolae_vaults_what_the_h, ontoclasm_vaults_chip, st_lattice,
          layout_vaults_chaotic_city
Vaults:2: vaults_dpeg_spiral, v_misc_12, ontoclasm_vaults_misaligned, v_misc_4,
          ontoclasm_vaults_gateway, vaults_room_semicircle, v_misc_13,
          minmay_crypt_entry_simple_statues, nicolae_vaults_border_crossing,
          vaults_mumra_minichess, grunt_vaults_funnel,
          ontoclasm_vaults_decontamination, nicolae_vaults_mini_display_case,
          layout_vaults_ring
Vaults:3: ontoclasm_vaults_twist, v_misc_19, hangedman_vaults_variations,
          hangedman_vaults_hat, nicolae_vaults_asterisk, ontoclasm_vaults_tryst,
          nicolae_vaults_little_squares_3, hangedman_vaults_nails,
          nicolae_vaults_yaktaur_gun_rack, layout_vaults_omnicross,
          serial_shops, shop, uniq_margery
Vaults:4: grunt_vaults_swirl, v_misc_26, v_rooms_5,
          nicolae_vaults_little_squares_4, nicolae_vaults_little_squares_2,
          special_room_vaults [special_room_orc], vaults_dpeg_doors,
          nicolae_vaults_specimen_jars, nicolae_vaults_twisting_passages,
          hangedman_vaults_snaps, grunt_vaults_trifunnel,
          nicolae_vaults_little_squares_6, layout_vaults_omnibox, uniq_boris
Vaults:5: uniq_mara
Depths:1: layout_roguey, minivault_11, lightli_too_deep, grunt_ministairs_11,
          minmay_shattered_shrine, firewood_loft
Depths:2: nicolae_whirlpool, layout_honeycomb, hell_entry,
          rand_demon_pan_entry_7, serial_sigils, serial_sigils_hangedman_quiver,
          serial_sigils_hangedman_writhe, serial_sigils_hangedman_stare,
          serial_sigils_hangedman_snap, serial_sigils_hangedman_quiver,
          serial_sigils_hangedman_leer
Depths:3: hangedman_pleasuredromes, pan_entry, hell_entry
Depths:4: minmay_two_paths, layout_gridlike, hangedman_decor_peaks_small,
          abyss_entry_crystal, grunt_hell_entry_dis_grunt,
          grunt_decor_resistance, serial_bayou_shore_b, minmay_shop_grove

Skill      XL: |  1  2  3  4  5  6  7  8  9 10 11 12 13 14 15 16 17 18 19 20 21 22 23 24 |
---------------+-------------------------------------------------------------------------+-----
Unarmed Combat | 3 4 5 6 7 9 11 15 16 17 18 19 21 23 24 25 26 27 | 27.0
Spellcasting   | 4 6 8 9 11 12 | 12.1
Fighting       | 3 5 9 10 12 14 15 | 15.1
Dodging        | 3 5 7 8 9 11 12 | 12.0
Translocations | 4 6 8 9 11 13 14 15 16 | 16.0
Stealth        | 3 |  3.1
Conjurations   | 1 3 6 |  6.7
Air Magic      | 4 5 7 8 |  8.0
Earth Magic    | 5 9 10 11 | 11.4
Transmutations | 5 9 10 11 | 11.4
Throwing       | |  0.8

Action                   |  1- 3 |  4- 6 |  7- 9 | 10-12 | 13-15 | 16-18 | 19-21 | 22-24 || total
-------------------------+-------+-------+-------+-------+-------+-------+-------+-------++-------
Melee: Unarmed           |   125 |   208 |   364 |   812 |  1714 |   874 |  2971 |  1609 ||  8677
       Tailslap          |    12 |    19 |    48 |   106 |   153 |    64 |   168 |    94 ||   664
       Punch             |     2 |     6 |     6 |    54 |   115 |    40 |   108 |    57 ||   388
       Halberd           |       |       |       |    24 |       |       |       |       ||    24
Throw: Dart              |       |       |     1 |    60 |    51 |       |       |       ||   112
 Cast: Gell's Gravitas   |       |       |       |       |     7 |       |       |       ||     7
       Manifold Assault  |       |       |       |       |   309 |   275 |  1042 |   546 ||  2172
       Blink             |       |       |       |       |     1 |       |       |       ||     1
       Passage of Golubr |       |       |       |       |       |    11 |     4 |       ||    15
       Statue Form       |       |       |       |       |       |       |       |    49 ||    49
Invok: Call Merchant     |       |       |       |     1 |     3 |     1 |     3 |       ||     8
       Potion Petition   |       |       |       |       |     1 |     1 |     2 |     1 ||     5
 Abil: Breathe Dispellin |       |       |     8 |    14 |    14 |     5 |     5 |       ||    46
       End Transformatio |       |       |       |       |       |       |       |     1 ||     1
Evoke: Wand              |       |       |       |     2 |       |       |     2 |       ||     4
  Use: Potion            |     5 |     4 |     4 |     6 |     1 |     1 |     3 |       ||    24
       Scroll            |       |     7 |     6 |     1 |     5 |     1 |     7 |       ||    27
 Stab: Sleeping          |     1 |     1 |     1 |     1 |       |       |     4 |     2 ||    10
       Distracted        |       |       |     1 |     3 |     4 |       |     7 |     2 ||    17
       Held in net/web   |       |       |       |       |       |       |     1 |       ||     1
Armor: Skin              |    44 |    65 |   175 |   407 |   561 |   229 |   940 |   338 ||  2759
Dodge: Dodged            |    78 |   137 |   269 |   596 |   670 |   258 |  1003 |   337 ||  3348
